 Dungeon Crawl Stone Soup version 0.26.1-2-gb8aa6d0cf2 (webtiles) character file.

Game seed: 8949224145690938632

10 RuneRaider the Covered (level 2, -1/27 HPs)
             Began as a Deep Dwarf Fighter on Feb 15, 2021.
             Slain by a leopard gecko (2 damage)
             ... on level 1 of the Dungeon.
             The game lasted 00:00:42 (653 turns).

RuneRaider the Covered (Deep Dwarf Fighter)          Turns: 653, Time: 00:00:43

Health: -1/27      AC:  6    Str: 19    XL:     2   Next: 10%
Magic:  2/2        EV:  7    Int:  8    God:
Gold:   14         SH:  9    Dex: 12    Spells: 1/1 levels left

rFire    . . .     SeeInvis .   a - +0 war axe
rCold    . . .     Faith    .   c - +0 kite shield
rNeg     . . .     Spirit   .   b - +0 scale mail
rPois    .         Reflect  .   (no helmet)
rElec    .         Harm     .   (no cloak)
rCorr    .         Rampage  .   (no gloves)
Will     .....                  (no boots)
Stlth    ..........             (no amulet)
HPRegen  0.00/turn              (no ring)
MPRegen  0.08/turn              (no ring)

@: non-regenerating
A: damage resistance, heal wounds, sense surroundings 1, no regeneration
a: Heal Wounds


You were on level 1 of the Dungeon.
You visited 1 branch of the dungeon, and saw 1 of its levels.

You collected 14 gold pieces.

Inventory:

Hand Weapons
 a - a +0 war axe (weapon)
Armour
 b - a +0 scale mail (worn)
 c - a +0 kite shield (worn)
Scrolls
 g - a scroll of teleportation {unknown}
Potions
 d - a potion of might
 e - a potion of heal wounds {unknown}
 f - a potion of cancellation {unknown}


   Skills:
 + Level 2.8 Fighting
 + Level 2.4 Axes
 + Level 3.5 Armour
 + Level 3.4 Shields


You had one spell level left.
You didn't know any spells.
Your spell library was empty.

Dungeon Overview and Level Annotations

Branches:
Dungeon (1/15)

Altars:


Innate Abilities, Weirdness & Mutations

You are resistant to damage.
You can heal yourself by infusing magical energy.
You passively map a small area around you.
You do not regenerate.


Message History

You block the leopard gecko's attack. You block the leopard gecko's attack.
You block the leopard gecko's attack. You block the leopard gecko's attack.
The leopard gecko bites you but does no damage.
You block the leopard gecko's attack. The leopard gecko bites you.
You block the leopard gecko's attack. You block the leopard gecko's attack.
The leopard gecko closely misses you.
The leopard gecko bites you but does no damage. x2
The leopard gecko bites you but does no damage.
You block the leopard gecko's attack. The leopard gecko barely misses you.
The leopard gecko barely misses you.
The leopard gecko closely misses you. x2
The leopard gecko barely misses you.
The leopard gecko bites you but does no damage.
You block the leopard gecko's attack. You block the leopard gecko's attack.
You block the leopard gecko's attack. x2
You block the leopard gecko's attack. The leopard gecko bites you.
* * * LOW HITPOINT WARNING * * *
You block the leopard gecko's attack. You block the leopard gecko's attack.
You block the leopard gecko's attack. The leopard gecko barely misses you.
The leopard gecko bites you. You block the leopard gecko's attack.
The leopard gecko bites you. The leopard gecko closely misses you.
You block the leopard gecko's attack. x2
The leopard gecko closely misses you. The leopard gecko bites you.
* * * LOW HITPOINT WARNING * * *
You block the leopard gecko's attack. The leopard gecko closely misses you.
The leopard gecko completely misses you.
You block the leopard gecko's attack. The leopard gecko bites you.
You block the leopard gecko's attack. You block the leopard gecko's attack.
You block the leopard gecko's attack. The leopard gecko closely misses you.
You block the leopard gecko's attack. The leopard gecko barely misses you.
You block the leopard gecko's attack. You block the leopard gecko's attack.
The leopard gecko hisses menacingly.
The leopard gecko bites you.
You die...

* ##........####
#. ###.........#
#. #...........#
#. #.#........##
#. #.##.#.....#
#.*#.##.###.###
#.*#.##.##...##
#l##.##.#.....#
#.@...........#
####.####.....# #
#..##.##....# ##
#.##.....#..# #.
#.###.##....# ##
#.# #.#####.# #
#.# #.#####.#
#.###....##.####
#..............##


You could see a leopard gecko.

Vanquished Creatures
  2 giant cockroaches (D:1)
  A hobgoblin (D:1)
  2 bats (D:1)
  3 goblins (D:1)
  A rat (D:1)
9 creatures vanquished.

Notes
Turn   | Place    | Note
-------+----------+-------------------------------------------
     0 | D:1      | RuneRaider the Deep Dwarf Fighter began the quest for the
                  | Orb.
     0 | D:1      | Reached XP level 1. HP: 20/20 MP: 1/1
   240 | D:1      | Reached XP level 2. HP: 20/27 MP: 2/2
   641 | D:1      | HP: 1/27 [leopard gecko (1)]
   653 | D:1      | Slain by a leopard gecko

Illustrated notes

Levels and vault maps discovered:
D:1:      matt_arrival_diagonals, layout_loops_ring

Action                   || total
-------------------------++-------
Melee: War axe           ||    32
Armor: Scale mail        ||    50
Dodge: Dodged            ||    44
Block: Kite shield       ||    92
